 Dungeon Crawl Stone Soup version 0.30-a0-377-g5cb311bc9f (webtiles) character file.

Game seed: 6548520496818260807

171 garrulousMonolith the Slasher (level 5, -3/43 HPs)
             Began as a Gnoll Reaver on Nov 28, 2022.
             Slain by a gnoll
             ... wielding a +0 whip
              (4 damage)
             ... on level 4 of the Dungeon.
             The game lasted 00:03:17 (2532 turns).

garrulousMonolith the Slasher (Gnoll Reaver)        Turns: 2532, Time: 00:03:17

Health: -3/43      AC:  5    Str: 12    XL:     5   Next: 51%
Magic:  12/12      EV: 12    Int: 14    God:
Gold:   174        SH:  0    Dex: 10    Spells: 13/14 levels left

rFire   . . .      SeeInvis .    j - +0 dagger (venom)
rCold   . . .      Faith    .    (no shield)
rNeg    . . .      Spirit   .    b - +0 leather armour
rPois   .          Reflect  .    c - +0 helmet
rElec   .          Harm     .    (no cloak)
rCorr   .          Rampage  .    (no gloves)
Will    .....                    l - +0 pair of boots
Stlth   +.........               (no amulet)
HPRegen 0.27/turn                (no ring)
MPRegen 0.13/turn                (no ring)

@: no status effects
A: fangs 1, strong nose, distributed training
a: no special abilities


You were on level 4 of the Dungeon.
You visited 1 branch of the dungeon, and saw 4 of its levels.

You collected 174 gold pieces.

Inventory:

Hand Weapons
 d - a +0 long sword
 j - a +0 dagger of venom (weapon)
Armour
 b - a +0 leather armour (worn)
 c - a +0 helmet (worn)
 l - a +0 pair of boots (worn)
Scrolls
 e - a scroll of magic mapping
 i - a scroll of brand weapon {unknown}
 m - 2 scrolls of identify
 o - a scroll of amnesia {unknown}
Potions
 a - 3 potions of haste
 f - 2 potions of heal wounds
 g - a potion of degeneration {unknown}
 h - a potion of invisibility {unknown}
 k - 2 potions of brilliance {unknown}
 n - a potion of flight {unknown}
 q - a potion of mutation {unknown}


   Skills:
 + Level 4.8 Fighting
 + Level 1.6 Short Blades
 + Level 6.7 Long Blades
 + Level 1.6 Axes
 + Level 1.6 Maces & Flails
 + Level 1.6 Polearms
 + Level 1.6 Staves
 + Level 1.6 Ranged Weapons
 + Level 1.6 Throwing
 + Level 1.6 Armour
 + Level 4.8 Dodging
 + Level 1.6 Stealth
 + Level 1.6 Shields
 + Level 1.6 Unarmed Combat
 + Level 5.2 Spellcasting
 + Level 5.5 Conjurations
 + Level 1.2 Hexes
 + Level 1.2 Summonings
 + Level 1.2 Necromancy
 + Level 1.2 Translocations
 + Level 1.2 Transmutations
 + Level 1.2 Fire Magic
 + Level 1.2 Ice Magic
 + Level 1.2 Air Magic
 + Level 1.2 Earth Magic
 + Level 1.2 Poison Magic
 + Level 1.8 Invocations
 + Level 1.6 Evocations


You had 13 spell levels left.
You knew the following spells:

 Your Spells              Type           Power      Damage    Failure   Level
a - Kiss of Death         Conj/Necr      52%        2d9       5%          1

Your spell library contained the following spells:

 Spells                   Type           Power      Damage    Failure   Level
 Momentum Strike          Conj/Tloc      26%        3d8       9%          2
 Hailstorm                Conj/Ice       13%        3d5       16%         3
 Ensorcelled Hibernation  Hex/Ice        14%        N/A       19%         2
 Passwall                 Tmut/Erth      5%         N/A       19%         2
 Swiftness                Air            7%         N/A       36%         3


Dungeon Overview and Level Annotations

Branches:
Dungeon (4/15)
 Temple: D:4-7

Altars:
Dithmenos


Innate Abilities, Weirdness & Mutations

You have very sharp teeth.
Your uncanny sense of smell can sniff out nearby items.
Your experience applies equally to all skills.


Message History

The gnoll hits you from afar with a +0 spear.
The gnoll closely misses you.
The gnoll hits you from afar with a +0 spear.
The gnoll closely misses you.
There is a stone staircase leading up here.
You hit the gnoll.
You kill the gnoll!
The gnoll completely misses you. The gnoll completely misses you.
You see here a +0 flail.
You hit the gnoll. You bite the gnoll.
The gnoll is almost dead.
The gnoll hits you with a +0 spear.
You hit the gnoll.
You kill the gnoll!
Things that are here:
a +0 spear; a gnoll corpse You start resting.
A gnoll is nearby!
A gnoll is nearby!
You are too injured to fight recklessly!
The gnoll barely misses you. The gnoll hits you with a +0 whip.
You closely miss the gnoll. The gnoll barely misses you.
The gnoll completely misses you.
You closely miss the gnoll. The gnoll barely misses you.
The gnoll hits you with a +0 whip.
You hit the gnoll.
The gnoll is poisoned.
Your bite misses the gnoll.
The gnoll is lightly wounded.
The gnoll hits you with a +0 halberd. The gnoll hits you with a +0 whip!
* * * LOW HITPOINT WARNING * * *
You hit the gnoll but do no damage.
The gnoll is poisoned.
Your bite misses the gnoll. The gnoll closely misses you.
The gnoll completely misses you. The gnoll hits you with a +0 whip.
* * * LOW HITPOINT WARNING * * *
The gnoll hits you from afar with a +0 halberd.
* * * LOW HITPOINT WARNING * * *
The gnoll barely misses you.
You completely miss the gnoll. The gnoll hits you with a +0 whip.
You die...

...# #..........#.......#.# #.
.[.#####.....^....#.......#)# #.
.........g.#####........).).####.
.#######.#.# #..#########....#.
.#....##.#g# #....##.####....#.
##.##.##.#.## #....<............
......##g#gg## #...)###.###....##
##.#####.##..###...)#...# #....#
..g.g..g.###g.##@.....### #....#
..g####### ##.##.g..### #....#
.....# #.###g...# #....# ...#.#
#.###..#.# ###### ...#.#
#..##..#.# ..##.# ##.....#.#
.....############.#..#
..####.........##>#.## ..#
#......###.####.#


You could see 2 gnolls.

Vanquished Creatures
  A hound (D:3)
  An orc wizard (D:3)
  2 gnolls (D:4)
  3 adders
  A worm (D:2)
  3 orcs
  7 ball pythons
  4 endoplasms
  A giant cockroach (D:1)
  11 hobgoblins
  2 jackals (D:3)
  3 quokkas
  2 bats
  A frilled lizard (D:1)
  12 goblins
  3 kobolds (D:1)
  5 rats
62 creatures vanquished.

Notes
Turn   | Place    | Note
-------+----------+-------------------------------------------
     0 | D:1      | garrulousMonolith the Gnoll Reaver began the quest for the
                  | Orb.
     0 | D:1      | Reached XP level 1. HP: 20/20 MP: 6/6
   180 | D:1      | Reached XP level 2. HP: 25/26 MP: 7/7
   832 | D:2      | Reached skill level 5 in Spellcasting
   832 | D:2      | Reached XP level 3. HP: 31/31 MP: 7/9
  1220 | D:2      | Reached skill level 1 in Invocations
  1506 | D:3      | Found a shadowy altar of Dithmenos.
  1576 | D:3      | Reached skill level 1 in Short Blades
  1576 | D:3      | Reached skill level 1 in Axes
  1576 | D:3      | Reached skill level 1 in Maces & Flails
  1576 | D:3      | Reached skill level 1 in Polearms
  1576 | D:3      | Reached skill level 1 in Staves
  1576 | D:3      | Reached skill level 1 in Ranged Weapons
  1576 | D:3      | Reached skill level 1 in Throwing
  1576 | D:3      | Reached skill level 1 in Armour
  1576 | D:3      | Reached skill level 1 in Stealth
  1576 | D:3      | Reached skill level 1 in Shields
  1576 | D:3      | Reached skill level 1 in Unarmed Combat
  1576 | D:3      | Reached skill level 1 in Evocations
  1576 | D:3      | Reached XP level 4. HP: 37/38 MP: 11/11
  1651 | D:3      | Reached skill level 1 in Hexes
  1651 | D:3      | Reached skill level 1 in Summonings
  1651 | D:3      | Reached skill level 1 in Necromancy
  1651 | D:3      | Reached skill level 1 in Translocations
  1651 | D:3      | Reached skill level 1 in Transmutations
  1651 | D:3      | Reached skill level 1 in Fire Magic
  1651 | D:3      | Reached skill level 1 in Ice Magic
  1651 | D:3      | Reached skill level 1 in Air Magic
  1651 | D:3      | Reached skill level 1 in Earth Magic
  1651 | D:3      | Reached skill level 1 in Poison Magic
  1764 | D:3      | Reached XP level 5. HP: 39/43 MP: 12/12
  2529 | D:4      | HP: 1/43 [gnoll/+0 halberd (3)]
  2532 | D:4      | Slain by a gnoll

Illustrated notes

Levels and vault maps discovered:
D:1:      minmay_arrival_plants_in_alcoves, layout_basic
D:2:      layout_basic
D:3:      layout_rooms, nicolae_dithmenos_shadow_blocks, kennysheep_boxes
D:4:      layout_basic, grunt_ministairs_14, minmay_goblin_outpost

Skill      XL: |  1  2  3  4 |
---------------+-------------+-----
Spellcasting   | 5 |  5.2
Invocations    | 1 |  1.8
Short Blades   | 1 |  1.6
Axes           | 1 |  1.6
Maces & Flails | 1 |  1.6
Polearms       | 1 |  1.6
Staves         | 1 |  1.6
Ranged Weapons | 1 |  1.6
Throwing       | 1 |  1.6
Armour         | 1 |  1.6
Stealth        | 1 |  1.6
Shields        | 1 |  1.6
Unarmed Combat | 1 |  1.6
Evocations     | 1 |  1.6
Hexes          | 1 |  1.2
Summonings     | 1 |  1.2
Necromancy     | 1 |  1.2
Translocations | 1 |  1.2
Transmutations | 1 |  1.2
Fire Magic     | 1 |  1.2
Ice Magic      | 1 |  1.2
Air Magic      | 1 |  1.2
Earth Magic    | 1 |  1.2
Poison Magic   | 1 |  1.2
Fighting       | |  4.8
Long Blades    | |  6.7
Dodging        | |  4.8
Conjurations   | |  5.5

Action                   |  1- 3 |  4- 6 || total
-------------------------+-------+-------++-------
Melee: Falchion          |    14 |       ||    14
       Long sword        |    49 |       ||    49
       Bite              |     8 |     8 ||    16
       Dagger            |    39 |    88 ||   127
       Punch             |     1 |     3 ||     4
Evoke: Wand              |       |     3 ||     3
  Use: Scroll            |       |     2 ||     2
       Potion            |       |     1 ||     1
Armor: Leather armour    |    29 |    29 ||    58
Dodge: Dodged            |    51 |    69 ||   120

Table legend: (Time is in decaauts)
 A = Elapsed time spent in this place.
 B = Non-inter-level travel time spent in this place.
 C = Inter-level travel time spent in this place.
 D = Time resting spent in this place.
 E = Time spent auto-exploring this place.
 F = Levels seen in this place.
 G = Mean time per level.
                   A        B        C        D        E       F      G
               +--------+--------+--------+--------+--------+-----+--------+
         Total |   2525 |   2454 |     71 |    129 |   1831 |   4 |  631.2 |
       Dungeon |   2525 |   2454 |     71 |    129 |   1831 |   4 |  631.2 |
               +--------+--------+--------+--------+--------+-----+--------+

Top non-repeatable levels by time:
     D:2: 771 daAuts
     D:1: 706 daAuts
     D:4: 536 daAuts
     D:3: 510 daAuts
